 Dungeon Crawl Stone Soup version 0.30.1-9-gdf580d7c3d (webtiles) character file.

Game seed: 2683002078427728626

69 Kranky the Trooper (level 4, -1/41 HPs)
             Began as a Minotaur Fighter on Oct 22, 2023.
             Slain by Crazy Yiuf
             ... wielding a +2 quarterstaff of chaos
              (5 damage)
             ... on level 2 of the Dungeon.
             The game lasted 00:02:02 (1730 turns).

Kranky the Trooper (Minotaur Fighter)               Turns: 1730, Time: 00:02:02

Health: -1/41      AC:  7    Str: 22    XL:     4   Next: 2%
Magic:  3/3        EV:  9    Int:  5    God:
Gold:   98         SH:  4    Dex: 10    Spells: 3/3 levels left

rFire   . . .        a - +0 trident
rCold   . . .        c - +0 buckler
rNeg    . . .        b - +0 scale mail
rPois   .            (helmet restricted)
rElec   .            (no cloak)
rCorr   .            (no gloves)
SInv    .            (no boots)
Will    .....        (no amulet) Stlth
                     (no ring)
HPRegen 0.26/turn    (no ring)
MPRegen 0.08/turn

%: no passive effects
@: lethally poisoned (-1 -> -16)
A: horns 2, retaliatory headbutt
a: no special abilities


You were on level 2 of the Dungeon.
You visited 1 branch of the dungeon, and saw 2 of its levels.

You collected 98 gold pieces.

Inventory:

Hand Weapons
 a - a +0 trident (weapon)
Missiles
 i - 2 throwing nets (quivered)
Armour
 b - a +0 scale mail (worn)
 c - a +0 buckler (worn)
Scrolls
 e - 3 scrolls of identify {unknown}
 f - a scroll of fog {unknown}
 g - a scroll of amnesia {unknown}
 h - a scroll of enchant weapon {unknown}
Potions
 d - a potion of might


   Skills:
 + Level 4.3 Fighting
 + Level 3.3 Polearms
 + Level 4.3 Armour
 + Level 4.3 Shields


You had 3 spell levels left.
You didn't know any spells.
Your spell library contained the following spells:

 Spells                   Type           Power      Damage    Failure   Level
 Beastly Appendage        Tmut           0%         N/A       86%         1
 Wereblood                Tmut           0%         N/A       94%         2
 Spider Form              Tmut/Pois      0%         N/A       99%         3


Dungeon Overview and Level Annotations

Branches:
Dungeon (2/15)

Altars:

Shops:
D:2 :

Annotations:
D:2 Crazy Yiuf


Innate Abilities, Weirdness & Mutations

You have a pair of horns on your head.
You reflexively headbutt those who attack you in melee.


Message History

Crazy Yiuf shouts!
There is an escape hatch in the ceiling here.
You enter the shallow water.
Moving in this stuff is going to be slow.
You enter the shallow water.
Moving in this stuff is going to be slow.
Crazy Yiuf shouts!
No reachable target in view!
Could not explore, unopened runed door.
No reachable target in view!
Could not explore, unopened runed door.
No reachable target in view!
Could not explore, unopened runed door.
As you open the door, it creaks loudly!
You reach to attack!
You barely miss Crazy Yiuf. You hit Crazy Yiuf. You headbutt Crazy Yiuf!
Crazy Yiuf is severely wounded.
You block Crazy Yiuf's attack.
Crazy Yiuf says, "Crazy?
Crazy!?
PORCUPINE!"
Crazy Yiuf hits you with a +2 quarterstaff of chaos!
Crazy Yiuf freezes you.
You hit Crazy Yiuf.
Crazy Yiuf is severely wounded.
Crazy Yiuf hits you with a +2 quarterstaff of chaos!
You are lethally poisoned!
You are too injured to fight recklessly!
You are too injured to fight recklessly!
You are too injured to fight recklessly!
Unknown command.
You barely miss Crazy Yiuf.
Crazy Yiuf is severely wounded.
* * * LOW HITPOINT WARNING * * *
You feel extremely sick. You block Crazy Yiuf's attack.
You closely miss Crazy Yiuf.
Crazy Yiuf is severely wounded.
* * * LOW HITPOINT WARNING * * *
You feel very sick.
Crazy Yiuf hits you with a +2 quarterstaff of chaos.
You die...

#........####....#
#.######## #....#
###.# #....# #####
....# ##...# #...#
.#### ##.##
###.#.### .# ##.#
####...#...# .#
#.## #....#####.#
.## ##.#
####...#...# ..#
### #@## ###.#.###
#.# ##.# #g# #...#
#.#######.## ...
##.## .........##
#...# #.#
#..######.## #)..#
#.# #..# ##.#
##### #.# #..# ###
#.# #..##
#############
#.### ....#
#...........#
#...#


You could see Crazy Yiuf.

Vanquished Creatures
  Robin (D:2)
  2 adders (D:2)
  2 dart slugs
  4 bats
  3 giant cockroaches (D:1)
  10 goblins
  3 hobgoblins
  4 kobolds
  A ball python (D:1)
  2 frilled lizards
  3 rats
35 creatures vanquished.

Notes
Turn   | Place    | Note
-------+----------+-------------------------------------------
     0 | D:1      | Kranky the Minotaur Fighter began the quest for the Orb.
     0 | D:1      | Reached XP level 1. HP: 19/19 MP: 0/0
   235 | D:1      | Reached XP level 2. HP: 27/27 MP: 1/1
   359 | D:1      | Found a faded altar of an unknown god.
   822 | D:2      | Noticed Robin
   945 | D:2      | Reached XP level 3. HP: 29/33 MP: 2/2
   951 | D:2      | Killed Robin
   962 | D:2      | Found Bygow's Book Shoppe.
  1543 | D:2      | Reached XP level 4. HP: 41/41 MP: 3/3
  1635 | D:2      | Found a runed translucent door.
  1636 | D:2      | Noticed Crazy Yiuf
  1730 | D:2      | Slain by Crazy Yiuf

Illustrated notes

Levels and vault maps discovered:
D:1:      nicolae_arrival_memento_mori, layout_loops_corners,
          hellmonk_ecumenical_altar_pennies_from_heaven, minmay_liquid_box
D:2:      layout_loops_ring, serial_shops, shop_statue,
          chequers_serial_rivers_small_b, uniq_robin, uniq_crazy_yiuf_cottage

Skill      XL: |  1  2  3 |
---------------+----------+-----
Fighting       | 4 |  4.3
Shields        | 4 |  4.3
Armour         | 4 |  4.3
Polearms       | 3 |  3.3

Action                     |  1- 3 |  4- 6 || total
---------------------------+-------+-------++-------
  Melee: Trident           |    90 |     8 ||    98
         Headbutt          |     8 |     1 ||     9
 Armour: Scale mail        |    42 |     1 ||    43
  Dodge: Dodged            |    43 |       ||    43
  Block: Buckler           |    11 |     3 ||    14
